 Dungeon Crawl Stone Soup version 0.30-a0-1075-gcd70e7a56d (webtiles) character file.

Game seed: 14702493169688320311

32 cforsyth the Caller (level 3, 0/21 HPs)
             Began as an Octopode Summoner on Apr 14, 2023.
             Slain by a kobold
             ... wielding a +0 whip
              (5 damage)
             ... on level 2 of the Dungeon.
             The game lasted 00:02:50 (1013 turns).

cforsyth the Caller (Octopode Summoner)             Turns: 1013, Time: 00:02:50

Health: 0/21       AC:  1    Str:  7    XL:     3   Next: 27%
Magic:  5/7        EV: 10    Int: 19    God:
Gold:   58         SH:  0    Dex: 12    Spells: 6/7 levels left

rFire   . . .      SeeInvis .    (no weapon)
rCold   . . .      Faith    .    (no shield)
rNeg    . . .      Spirit   .    (helmet restricted)
rPois   .          Reflect  .    (no amulet)
rElec   .          Rampage  .    (no ring)
rCorr   .                        (no ring)
Will    .....                    (no ring)
Stlth   +++                      (no ring)
HPRegen 0.23/turn                (no ring)
MPRegen 0.10/turn                (no ring)
                                 (no ring)
                                 (no ring)

@: constricted
A: almost no armour, amphibious, 8 rings, camouflage 1, gelatinous body 1,
(nimble swimmer 1), tentacles
a: no special abilities


You were on level 2 of the Dungeon.
You visited 1 branch of the dungeon, and saw 2 of its levels.

You collected 58 gold pieces.

Inventory:

Scrolls
 d - a scroll of identify {unknown}
 e - a scroll of fog {unknown}
 f - a scroll of vulnerability {unknown}
Potions
 a - a potion of magic
 b - a potion of berserk rage {unknown}
 c - a potion of lignification {unknown}
 g - a potion of flight {unknown}
 h - a potion of invisibility {unknown}
 i - a potion of degeneration {unknown}


   Skills:
 - Level 2.0 Dodging
 - Level 2.6 Stealth
 + Level 2.7 Spellcasting
 + Level 4.5 Summonings


You had 6 spell levels left.
You knew the following spells:

 Your Spells              Type           Power      Damage    Failure   Level
a - Summon Small Mammal   Summ           76%        N/A       2%          1

Your spell library contained the following spells:

 Spells                   Type           Power      Damage    Failure   Level
 Call Imp                 Summ           38%        N/A       3%          2
 Call Canine Familiar     Summ           19%        N/A       7%          3
 Summon Guardian Golem    Hex/Summ       11%        N/A       19%         3
 Summon Lightning Spire   Summ/Air       11%        N/A       52%         4


Dungeon Overview and Level Annotations

Branches:
Dungeon (2/15)

Altars:


Innate Abilities, Weirdness & Mutations

You cannot wear most types of armour.
You are amphibious.
You can wear up to eight rings at the same time.
Your skin changes colour to match your surroundings (Stealth+).
Your rubbery body absorbs attacks. (AC +1, EV +1)
((You are camouflaged when in or above water. (Stealth+)))
You have tentacles for arms and can constrict up to eight enemies at once.


Message History

There is a stone staircase leading down here.
You climb downwards.
Your summoned ally is left behind.
Found a bubbling cyan potion.
There is a stone staircase leading up here.
Found a stone staircase leading down.
i - a bubbling cyan potion You swap places.
Magic restored. 2 kobolds come into view.
There are monsters nearby!
There are monsters nearby!
Your bat disappears in a puff of smoke!
Your bat disappears in a puff of smoke!
Your bat hits the kobold but does no damage.
The kobold shouts!
You hear an angry hiss.
An adder comes into view.
Your bat closely misses the kobold.
A kobold comes into view. It is wielding a +0 dagger.
A ball python comes into view.
Your bat hits the kobold but does no damage.
The kobold hits you with a +0 dagger. The kobold closely misses you.
You closely miss the kobold. You grab the kobold.
You constrict the kobold, but do no damage.
Your bat closely misses the kobold.
Your rat closely misses the kobold.
The kobold hits you with a +0 dagger.
The kobold hits the plant with a +0 dagger.
The plant begins to die.
The kobold escapes!
Your bat hits the kobold. The ball python bites you.
The ball python completely misses you. The adder bites your rat.
Your rat dies!
Your rat's corpse disappears in a puff of smoke!
The kobold hits you but does no damage.
The kobold hits you with a +0 dagger. x2
You closely miss the kobold. Your grab misses the kobold.
You tentacle-slap the kobold, but do no damage.
Your bat barely misses the kobold.
The ball python barely misses you. The ball python grabs you.
The ball python constricts you. The kobold hits you with a +0 dagger.
* * * LOW HITPOINT WARNING * * *
The kobold closely misses you. The kobold hits you with a +0 whip.
You die...

#........ .#.#
#.....####.#.#
#............#
#............#
#............# ##
#.#.##.......# ..#
...#.##.....S.#..P.
#.###.##...bKK..♣ #.
#.#####..@K.♣
.#.#.###.## #..♣PS♣♣
.........>#...♣♣..PP
.#.#.#.##.#.P.
♣♣...P #<.#.#.#.
..### #..#.#.#. ..#
#..#.# ## ..# ####.#
.## .#


You could see an adder, a ball python, 3 kobolds and a friendly bat (summoned).

Vanquished Creatures
  A dart slug (D:1)
  2 giant cockroaches (D:1)
  A goblin (D:1)
  2 jackals (D:1)
  A kobold (D:1)
  A quokka (D:1)
  2 bats (D:1)
  4 rats (D:1)
14 creatures vanquished.

Vanquished Creatures (collateral kills)
  2 ball pythons (D:1)
  A bat (D:1)
  2 endoplasms (D:1)
  A goblin (D:1)
  2 jackals (D:1)
  A kobold (D:1)
  A quokka (D:1)
  2 rats (D:1)
12 creatures vanquished.

Grand Total: 26 creatures vanquished

Notes
Turn   | Place    | Note
-------+----------+-------------------------------------------
     0 | D:1      | cforsyth the Octopode Summoner began the quest for the Orb.
     0 | D:1      | Reached XP level 1. HP: 11/11 MP: 3/3
   161 | D:1      | Reached XP level 2. HP: 16/17 MP: 3/5
   481 | D:1      | Reached XP level 3. HP: 19/21 MP: 4/7
  1013 | D:2      | Slain by a kobold

Illustrated notes

Levels and vault maps discovered:
D:1:      lemuel_arrival_behind_the_door_small, layout_loops_cross
D:2:      cheibrodos_greedy_goblins, layout_basic, serial_forest,
          infiniplex_forest_lined_2, infiniplex_forest_clump_double,
          infiniplex_forest_zigzag_1, infiniplex_forest_clump_C, uniq_sigmund

Action                     || total
---------------------------++-------
  Melee: Unarmed           ||    42
         Tentacles         ||    11
         Constrict         ||    12
         Punch             ||     1
   Cast: Summon Small Mamm ||    38
   Stab: Distracted        ||     3
         Sleeping          ||     2
 Armour: Skin              ||     7
  Dodge: Dodged            ||    37

Table legend: (Time is in decaauts)
 A = Elapsed time spent in this place.
 B = Non-inter-level travel time spent in this place.
 C = Inter-level travel time spent in this place.
 D = Time resting spent in this place.
 E = Time spent auto-exploring this place.
 F = Levels seen in this place.
 G = Mean time per level.
                   A        B        C        D        E       F      G
               +--------+--------+--------+--------+--------+-----+--------+
         Total |   1012 |   1012 |      0 |      0 |    736 |   2 |  506.0 |
       Dungeon |   1012 |   1012 |      0 |      0 |    736 |   2 |  506.0 |
               +--------+--------+--------+--------+--------+-----+--------+

Top non-repeatable levels by time:
     D:1: 976 daAuts
     D:2: 36 daAuts
